 Dungeon Crawl Stone Soup version 0.21-a0-49-g7bf2ba4 (webtiles) character file.

207 Duffy the Chopper (level 5, -2/27 HPs)
             Began as a Vine Stalker Fighter on June 10, 2017.
             Succumbed to a gnoll's poison
             ... on level 2 of the Dungeon.
             The game lasted 00:01:07 (1169 turns).

Duffy the Chopper (Vine Stalker Fighter)            Turns: 1169, Time: 00:01:08

Health: -2/27      AC:  6    Str: 24 (25) XL:     5   Next: 85%
Magic:  2/6        EV:  7    Int:  5 (8)  God:
Gold:   102        SH:  9    Dex: 12 (13) Spells: 4/4 levels left

rFire    . . .     SeeInvis .   a - +0 war axe
rCold    . . .     Gourm    .   c - +0 shield
rNeg     . . .     Faith    .   b - +0 scale mail
rPois    .         Spirit   +   (no helmet)
rElec    .         Reflect  .   (no cloak)
rCorr    .         Harm     .   (no gloves)
MR       .....                  (no boots)
Stlth    ..........             (no amulet)
Regen    0.5/turn               (no ring)
MPRegen  0.1/turn               (no ring)

@: mighty, lethally poisoned (-2 -> -12)
A: fangs 2, regeneration 1, magic shield, antimagic bite, no potion heal 3, rot
immunity
a: no special abilities


You were on level 2 of the Dungeon.
You were not hungry.

You visited 1 branch of the dungeon, and saw 2 of its levels.

You collected 102 gold pieces.

Inventory:

Hand Weapons
 a - a +0 war axe (weapon)
Armour
 b - a +0 scale mail (worn)
 c - a +0 shield (worn)
Jewellery
 m - an uncursed ring of wizardry {unknown}
Scrolls
 e - 2 scrolls of recharging {unknown}
 i - a scroll of noise {unknown}
 k - 2 scrolls of remove curse {unknown}
 l - a scroll of teleportation {unknown}
Potions
 h - a potion of degeneration
Comestibles
 f - a bread ration


   Skills:
 - Level 2.6 Fighting
 + Level 5.3 Axes
 - Level 2.4 Armour
 - Level 2.7 Shields


You had 4 spell levels left.
You didn't know any spells.

Dungeon Overview and Level Annotations

Branches:
Dungeon (2/15)

Altars:
Ashenzari


Innate Abilities, Weirdness & Mutations

You have extremely sharp teeth.
Your natural rate of healing is unusually fast.
When hurt, damage is shared between your health and your magic reserves.
Your bite disrupts and absorbs the magic of your enemies.
Potions cannot restore your health.
You are immune to rotting.


Message History

You feel sick.
You feel sick.
You feel sick.
There is a dry fountain here.
It was a potion of degeneration.
There was something very wrong with that liquid.
You feel weakened.
You feel dopey.
You feel clumsy.
You feel sick.
It was a potion of curing.
Your system rejects the healing.
You feel better.
The gnoll hits you with a whip of venom.
You are poisoned.
The gnoll hits you but does no damage.
You feel very mighty all of a sudden.
You feel sick.
The gnoll hits you with a whip of venom.
You are more poisoned.
The gnoll hits you from afar with a spear.
You slash the gnoll!
You kill the gnoll!
You die...

##### #...######
##....)...#
###..g#####.#
#.....#...#..#
##..g..#...#....
###...)###...####.#
#.....#@..#+##.}#..#
##.....#.........#
...
......##.........#
...
####.#...#.......#
#.. #.+...'..._...+
#.#...#.......#
#.#####.......##
....#.........#
#..#}..#+##.}# .


You could see a gnoll.

Vanquished Creatures
  Sigmund (D:2)
  2 gnolls (D:2)
  2 dart slugs (D:2)
  3 bats
  A giant cockroach (D:1)
  5 goblins
  2 hobgoblins (D:1)
  3 kobolds
  2 frilled lizards (D:1)
  4 rats
25 creatures vanquished.

Notes
Turn   | Place    | Note
-------+----------+-------------------------------------------
     0 | D:1      | Duffy the Vine Stalker Fighter began the quest for the Orb.
     0 | D:1      | Reached XP level 1. HP: 11/11 MP: 2/2
    16 | D:1      | Reached skill level 2 in Axes
   222 | D:1      | Reached XP level 2. HP: 16/16 MP: 1/3
   928 | D:2      | Reached skill level 3 in Axes
   928 | D:2      | Reached XP level 3. HP: 12/19 MP: 2/4
  1065 | D:2      | Noticed Sigmund
  1067 | D:2      | Found a shattered altar of Ashenzari.
  1081 | D:2      | Killed Sigmund
  1081 | D:2      | Reached skill level 5 in Axes
  1081 | D:2      | Gained mutation: Your natural rate of healing is unusually fast. [Vine Stalker growth]
  1081 | D:2      | Reached XP level 4. HP: 8/23 MP: 5/5
  1081 | D:2      | Reached XP level 5. HP: 9/27 MP: 6/6
  1168 | D:2      | HP: 1/27 [gnoll/spear (2)]
  1169 | D:2      | Succumbed to a gnoll's poison

Vault maps used:
D:1:      dpeg_arrival_central
D:2:      evilmike_ruin_ashenzari, nicolae_ru_path_of_blood, uniq_sigmund

Skill      XL: |  1  2  3 |
---------------+----------+-----
Axes           | 2 3 5 |  5.3
Fighting       | |  2.6
Armour         | |  2.4
Shields        | |  2.7

Action                   |  1- 3 |  4- 6 || total
-------------------------+-------+-------++-------
Melee: War axe           |    63 |     7 ||    70
       Bite              |    14 |     3 ||    17
  Use: Potion            |       |     3 ||     3
  Eat: Chunk             |     1 |       ||     1
Armor: Scale mail        |    24 |     1 ||    25
Dodge: Dodged            |    23 |     1 ||    24
Block: Shield            |    31 |     3 ||    34
